 Dungeon Sprint DCSS version 0.24.0-125-gc4c63601f3 (webtiles) character file.

Game seed: 11986755270296550589, levelgen mode: deterministic

8239 Ponchio the Eclecticist (level 11, 0/64 (65) HPs)
             Began as a Deep Elf Earth Elementalist on Feb 17, 2020.
             Was an Initiate of Vehumet.
             Succumbed to a death drake's dark miasma
             ... in the Dungeon (Sprint II: "The Violet Keep of Menkaure").
             The game lasted 00:17:09 (1914 turns).

Ponchio the Eclecticist (DEEE)                      Turns: 1914, Time: 00:17:10

HP:   0/64 (65)     AC:  2    Str:  5    XL:     11   Next: 7%
MP:   30/35         EV: 19    Int: 26    God:    Vehumet [......]
Gold: 154           SH:  0    Dex: 15    Spells: 25/46 levels left

rFire    . . .     SeeInvis .   (no weapon)
rCold    . . .     Gourm    .   (no shield)
rNeg     . . .     Faith    .   c - +0 robe
rPois    .         Spirit   .   (no helmet)
rElec    .         Reflect  .   (no cloak)
rCorr    .         Harm     .   (no gloves)
MR       +....     NoTele   +   (no boots)
Stlth    ++........             (no amulet)
HPRegen  0.20/turn              (no ring)
MPRegen  0.24/turn              (no ring)

@: lethally poisoned (0 -> -33), very slightly contaminated, slowed, very slow
A: clever 1, frail 1
a: Renounce Religion


You were in the Dungeon.
You worshipped Vehumet.
Vehumet was noncommittal.
You were not hungry.

You visited 1 branch You collected 1296 gold pieces.
You spent 1142 gold pieces at shops.

Inventory:

Missiles
 b - 18 stones (quivered)
Armour
 c - a +0 robe (worn)
Potions
 a - 3 potions of flight {unknown}
 i - a potion of berserk rage
Comestibles
 d - a ration
 f - 4 chunks of flesh


   Skills:
 - Level 10.4 Fighting
 - Level 10.8 Dodging
 - Level 2.4 Stealth
 + Level 18.3 Spellcasting
 - Level 1.1 Transmutations
 + Level 17.6 Earth Magic


You had 25 spell levels left.
You knew the following spells:

 Your Spells              Type           Power        Failure   Level  Hunger
a - Sandblast             Erth           ######       0%          1    None
b - Passwall              Tmut/Erth      ######..     1%          2    None
c - Stone Arrow           Conj/Erth      ######       1%          3    None
d - Petrify               Tmut/Erth      ######..     1%          4    None
e - Lee's Rapid Deconstr  Erth           #######...   1%          5    None
f - Iron Shot             Conj/Erth      ######....   9%          6    ###....

Your spell library contained the following spells:

 Spells                   Type           Power        Failure   Level  Hunger
 Alistair's Intoxication  Tmut/Pois      ####....     41%         5    None
 Shatter                  Erth           #######...   82%         9    #######


Dungeon Overview and Level Annotations

Branches:
Dungeon (1/1)

Altars:
Cheibriados
Dithmenos
Elyvilon
Fedhas
Gozag
Hepliaklqana
Kikubaaqudgha
Makhleb
Nemelex Xobeh
Okawaru
Qazlal
Ru
Sif Muna
Trog
Uskayaw
Vehumet
Wu Jian
Xom
Yredelemnul
Zin
The Shining One
Beogh
Jiyva
Lugonu

Shops:
D !::%}[![=?%!((=?

Annotations:
D exclusion: oklob plant


Innate Abilities, Weirdness & Mutations

Your mind is acute. (Int +2)
You are frail. (-10% HP)


Message History

The death drake breathes miasma at you. The foul vapour engulfs you.
You are poisoned.
* * * LOW HITPOINT WARNING * * *
Casting: Petrify (safe; 1% risk of failure)
Confirm with . or Enter, or press ? or * to list all spells.
Okay, then.
Okay, then.
Casting: Petrify (safe; 1% risk of failure)
Confirm with . or Enter, or press ? or * to list all spells.
Aiming: Lee's Rapid Deconstruction (safe; 1% risk of failure)
Press: ? - help, Dir - move target cursor, f/p - death drake Fragment what (e.g. wall or brittle monster)?: a death drake (lightly wounded, slowly petrifying, catching its breath)
A corrupted altar of Lugonu.
The death drake shatters!!
The death drake is moderately wounded.
You are engulfed in dark miasma.
You are more poisoned.
You feel your flesh rotting away!
* * * LOW HITPOINT WARNING * * *
You die...

≈≈§....≈#†########+##*,≈≈≈*,,,,,,
≈≈≈≈§..≈#.._.....#≈§≈##≈≈≈*,,,,,,
§≈≈§§≈.≈#._._....#§≈§≈*********≈*
§§≈≈≈≈≈≈#_._._...#§§§≈§**,,*,,*≈*
§≈§§§§≈≈#._._._..#§§§§§≈*,,*,,*≈*
≈§≈≈≈§≈≈#_._.k°_.#§§≈§≈≈+,,+,,*≈*
≈§§###§§#._._.○°°#§§§§≈≈*,,*,,*≈*
*§≈#,#§§#_._.°°○°#t§§§§≈*,,*,,*≈*
+≈≈#+#≈≈#..._°°°@#t§§≈▓********≈*
#≈§≈≈≈≈≈##########≈§≈≈▓z,,≈≈≈≈≈≈*
**#######≈≈≈≈≈≈≈≈≈§≈≈≈▓z,,≈≈≈≈≈≈*
≈≈≈§≈§###≈########≈▓▓▓▓▓****≈≈≈≈*
≈≈§§§§§##≈#,,,,,,*▓▓≈≈≈≈≈≈≈**≈≈≈*
≈≈8§§§≈≈+≈#,,,,,,**≈≈≈≈≈≈≈≈≈**≈≈*
≈≈§§§§§####,,,,,,+≈≈≈≈≈≈≈≈≈≈≈+≈≈*
≈≈§§§§#****,,,,,,**≈≈≈≈≈≈≈≈≈*****
*******,,,,,,,,,,***≈≈≈≈≈≈≈**


You could see a death drake (petrifying), 2 crocodiles and 2 flying skulls.

Vanquished Creatures
  Kirke (D)
  A yaktaur captain (D)
  A centaur warrior (D)
  A skeletal warrior (D)
  3 shining eyes (D)
  An elephant (D)
  A yaktaur (D)
  A kobold demonologist (D)
  A hornet (D)
  3 polar bears (D)
  A blink frog (D)
  2 tyrant leeches (D)
  2 hippogriffs (D)
  3 soldier ants (D)
  A swamp drake (D)
  5 necrophages (D)
  2 crocodiles (D)
  An iron imp (D)
  3 worms (D)
34 creatures vanquished.

Vanquished Creatures (others)
  Menkaure (D)
1 creature vanquished.

Grand Total: 35 creatures vanquished

Notes
Turn   | Place    | Note
-------+----------+-------------------------------------------
     0 | D        | Ponchio the Deep Elf Earth Elementalist began the quest for
                  | the Orb.
     0 | D        | Reached XP level 1. HP: 10/10 MP: 6/6
     1 | D        | Noticed a necrophage
     1 | D        | Noticed a necrophage
     1 | D        | Noticed a necrophage
     1 | D        | Noticed a necrophage
    10 | D        | Killed a necrophage
    10 | D        | Reached skill level 7 in Spellcasting
    10 | D        | Reached XP level 2. HP: 15/15 MP: 0/12
    10 | D        | Reached XP level 3. HP: 19/19 MP: 0/13
    10 | D        | Reached XP level 4. HP: 24/24 MP: 0/15
    12 | D        | Killed a necrophage
    12 | D        | Reached skill level 8 in Spellcasting
    12 | D        | Reached skill level 10 in Earth Magic
    12 | D        | Reached XP level 5. HP: 28/28 MP: 15/18
    15 | D        | Killed a necrophage
    15 | D        | Reached skill level 9 in Spellcasting
    16 | D        | Killed a necrophage
    16 | D        | Reached skill level 10 in Spellcasting
    16 | D        | Reached XP level 6. HP: 29/31 MP: 13/21
    30 | D        | Learned a level 2 spell: Passwall
    34 | D        | Learned a level 3 spell: Stone Arrow
    39 | D        | Learned a level 4 spell: Petrify
    45 | D        | Learned a level 5 spell: Lee's Rapid Deconstruction
    96 | D        | Killed Menkaure
   158 | D        | Noticed a hippogriff
   158 | D        | Noticed a hippogriff
   163 | D        | Killed a hippogriff
   163 | D        | Reached skill level 11 in Spellcasting
   163 | D        | Reached XP level 7. HP: 35/35 MP: 6/24
   164 | D        | Killed a hippogriff
   164 | D        | Reached skill level 12 in Spellcasting
   288 | D        | Noticed a flying skull
   288 | D        | Noticed a flying skull
   288 | D        | Noticed a flying skull
   288 | D        | Noticed a flying skull
   288 | D        | Noticed a flying skull
   288 | D        | Noticed a flying skull
   288 | D        | Noticed a flying skull
   288 | D        | Noticed a flying skull
   294 | D        | Noticed a flying skull
   295 | D        | Noticed a flying skull
   296 | D        | Noticed a flying skull
   296 | D        | Noticed a flying skull
   303 | D        | Noticed a tyrant leech
   303 | D        | Noticed a tyrant leech
   305 | D        | Killed a tyrant leech
   308 | D        | Killed a tyrant leech
   308 | D        | Reached skill level 13 in Spellcasting
   308 | D        | Reached skill level 15 in Earth Magic
   308 | D        | Reached XP level 8. HP: 3/40 MP: 3/27
   596 | D        | Found Keosmasch's Antique Weapon Shop.
   596 | D        | Found Repo's Magic Scroll Boutique.
   596 | D        | Found Onougof's Magic Scroll Shop.
   596 | D        | Found Dukogh's Food Boutique.
   596 | D        | Found Mystry's Weapon Boutique.
   596 | D        | Found Edogerch's Jewellery Boutique.
   597 | D        | Found Vitiogh's Distillery.
   597 | D        | Found Yffassir's Jewellery Boutique.
   597 | D        | Found Lanenk's Antique Armour Shop.
   598 | D        | Found Edabeasm's Distillery.
   598 | D        | Found Aferph's Antique Armour Boutique.
   598 | D        | Noticed a polar bear
   600 | D        | Found Hahuapro's Gadget Boutique.
   600 | D        | Found Laclarch's Food Shop.
   600 | D        | Noticed a polar bear
   600 | D        | Noticed an oklob plant
   601 | D        | Found Basucvetwu's Book Shop.
   601 | D        | Found Goginuub's Book Shoppe.
   601 | D        | Found Jabb's Distillery.
   602 | D        | Noticed a fire dragon
   607 | D        | Reached skill level 14 in Spellcasting
   758 | D        | Bought a scroll of magic mapping for 38 gold pieces
   769 | D        | Noticed a blink frog
   771 | D        | Killed a blink frog
   771 | D        | Reached skill level 15 in Spellcasting
   925 | D        | Noticed Kirke
   925 | D        | Noticed a kobold demonologist
   925 | D        | Noticed a skeletal warrior
   927 | D        | Killed a kobold demonologist
   927 | D        | Noticed an elephant
   928 | D        | Noticed a manticore
   929 | D        | Killed a skeletal warrior
   929 | D        | Reached XP level 9. HP: 31/55 MP: 9/30
   929 | D        | Killed Kirke
   929 | D        | Reached skill level 10 in Dodging
   929 | D        | Noticed a centaur warrior
   949 | D        | Killed a centaur warrior
   949 | D        | Reached skill level 10 in Fighting
   949 | D        | Reached XP level 10. HP: 29/67 MP: 9/31
  1147 | D        | Noticed a yaktaur captain
  1205 | D        | Killed a yaktaur captain
  1205 | D        | Reached skill level 16 in Spellcasting
  1304 | D        | Killed an elephant
  1491 | D        | Noticed a shining eye
  1491 | D        | Noticed a shining eye
  1491 | D        | Noticed a shining eye
  1493 | D        | Gained mutation: Your mind is acute. (Int +2) [a shining
                  | eye]
  1494 | D        | Killed a shining eye
  1494 | D        | Gained mutation: You are frail. (-10% HP) [a shining eye]
  1495 | D        | Killed a shining eye
  1495 | D        | Reached skill level 17 in Spellcasting
  1497 | D        | Killed a shining eye
  1649 | D        | Bought the Compendium of Shifting Earth for 1039 gold
                  | pieces
  1661 | D        | Learned a level 6 spell: Iron Shot
  1718 | D        | Bought a ration for 65 gold pieces
  1753 | D        | Found a stormy altar of Qazlal.
  1754 | D        | Found a hazy altar of Hepliaklqana.
  1754 | D        | Found a sacrificial altar of Ru.
  1754 | D        | Found an ornate altar of the Wu Jian Council.
  1755 | D        | Found a roughly hewn altar of Beogh.
  1755 | D        | Found a viscous altar of Jiyva.
  1755 | D        | Found a shimmering blue altar of Sif Muna.
  1756 | D        | Found a snail-covered altar of Cheibriados.
  1756 | D        | Found an ancient bone altar of Kikubaaqudgha.
  1756 | D        | Found a shimmering altar of Xom.
  1756 | D        | Found a bloodstained altar of Trog.
  1757 | D        | Found a shadowy altar of Dithmenos.
  1757 | D        | Found a corrupted altar of Lugonu.
  1758 | D        | Found a white marble altar of Elyvilon.
  1758 | D        | Found a burning altar of Makhleb.
  1759 | D        | Found a blossoming altar of Fedhas.
  1761 | D        | Found an opulent altar of Gozag.
  1761 | D        | Found a glowing golden altar of the Shining One.
  1761 | D        | Found a basalt altar of Yredelemnul.
  1761 | D        | Found a hide-covered altar of Uskayaw.
  1761 | D        | Found a sparkling altar of Nemelex Xobeh.
  1764 | D        | Reached skill level 18 in Spellcasting
  1765 | D        | Reached XP level 11. HP: 64/64 MP: 13/35
  1766 | D        | Found a glowing silver altar of Zin.
  1766 | D        | Found a radiant altar of Vehumet.
  1766 | D        | Found an iron altar of Okawaru.
  1772 | D        | Noticed an orange crystal statue
  1780 | D        | Became a worshipper of Vehumet
  1901 | D        | Noticed a crystal guardian
  1902 | D        | Noticed a death drake
  1914 | D        | Succumbed to a death drake's dark miasma

Levels and vault maps discovered:
D:        the_violet_keep_of_menkaure [sprint2_stairs_cluster_1,
          sprint2_shoproom, sprint2_temple, sprint2_basic_supplies,
          sprint2_obstacle_5, sprint2_obstacle_4, sprint2_obstacle_1,
          sprint2_obstacle_6, sprint2_obstacle_7, sprint2_timed_cluster_1,
          sprint2_smallroom_cluster_1, sprint2_smallroom_final_cluster_1,
          sprint2_transparent_cluster_1, sprint2_second_timed_cluster_1,
          sprint2_sniper_area_1, sprint2_heavy_combat_area_1,
          sprint2_mutation_trap_area_1, sprint2_forest_area_1,
          sprint2_light_combat_area_1, sprint2_behind_water_1,
          sprint2_near_end_vault_1]

Skill      XL: |  1  2  3  4  5  6  7  8  9 10 |
---------------+-------------------------------+-----
Spellcasting   | 7 8 10 11 13 15 18 | 18.3
Earth Magic    | 8 10 12 13 15 17 | 17.6
Fighting       | 6 10 | 10.4
Dodging        | 7 10 | 10.8
Stealth        | |  2.4
Transmutations | |  1.1

Action                   |  1- 3 |  4- 6 |  7- 9 | 10-12 || total
-------------------------+-------+-------+-------+-------++-------
 Cast: Sandblast         |     5 |     6 |     1 |       ||    12
       Lee's Rapid Decon |       |     4 |    16 |    27 ||    47
       Petrify           |       |       |       |     3 ||     3
  Use: Potion            |     2 |     1 |       |     2 ||     5
       Scroll            |       |       |     1 |     1 ||     2
  Eat: Chunk             |       |       |     1 |     1 ||     2
       Ration            |       |       |       |     1 ||     1
Dodge: Dodged            |     4 |       |     1 |     9 ||    14
